 Dungeon Crawl Stone Soup version 0.20-a0-46-g4a4b873 (webtiles) character file.

101 wazuzu the Conjurer (level 4, -2/33 HPs)
             Began as a Draconian Conjurer on Nov 14, 2016.
             Slain by a gnoll (6 damage)
             ... on level 2 of the Dungeon.
             The game lasted 00:08:13 (2719 turns).

wazuzu the Conjurer (Draconian Conjurer)            Turns: 2719, Time: 00:08:14

Health: -2/33      AC:  5    Str: 10    XL:     4   Next: 48%
Magic:  0/9        EV: 12    Int: 16    God:
Gold:   170        SH:  4    Dex: 12    Spells: 1 memorised, 9 levels left

rFire  . . .     SeeInvis .     (no weapon)
rCold  . . .     Gourm    .     (armour unavailable)
rNeg   . . .     Faith    .     (no shield)
rPois  .         Spirit   .     (helmet restricted)
rElec  .         Reflect  +     (no cloak)
rCorr  .         Harm     .     (no gloves)
MR     .....                    (no boots)
Stlth  ++........               j - +4 amulet of reflection
                                (no ring)
                                (no ring)

@: no status effects
A: unfitting armour, cold-blooded, AC +5
a: no special abilities


You were on level 2 of the Dungeon.
You were hungry.

You visited 1 branch of the dungeon, and saw 2 of its levels.

You collected 170 gold pieces.

Inventory:

Jewellery
 j - a +4 amulet of reflection (around neck)
Wands
 b - a wand of iceblast (13/15)
Scrolls
 e - a scroll of teleportation
 k - a scroll of remove curse
 n - a scroll of identify
Potions
 d - a potion of lignification {unknown}
 f - a potion of heal wounds {unknown}
 g - a potion of haste
 m - a potion of curing {unknown}
Books
 a - a book of Conjurations

   Spells                             Type                      Level
   a - Magic Dart                     Conjuration                  1
   b - Searing Ray                    Conjuration                  2
   c - Dazzling Spray                 Conjuration/Hexes            3
   d - Fulminant Prism                Conjuration/Hexes            4
   e - Iskenderun's Mystic Blast      Conjuration                  4
   f - Iskenderun's Battlesphere      Conjuration/Charms           5
Comestibles
 h - a slice of pizza
 i - a beef jerky
 l - 4 fruits


   Skills:
 - Level 1.7 Dodging
 - Level 1.7 Stealth
 * Level 3.6 Spellcasting
 + Level 4.8 Conjurations


You had 9 spell levels left.
You knew the following spells:

 Your Spells              Type           Power        Failure   Level  Hunger
a - Magic Dart            Conj           ###.         2%          1    None


Dungeon Overview and Level Annotations

Branches:
Dungeon (2/15)

Altars:
Okawaru


Innate Abilities, Weirdness & Mutations

Your plain brown scales are hard. (AC +5)
You cannot fit into any form of body armour.
You are cold-blooded and may be slowed by cold attacks.


Message History

The gnoll is severely wounded.
The gnoll hits you.
* * * LOW HITPOINT WARNING * * *
You hit the gnoll.
The gnoll is almost dead.
The gnoll misses you.
You hit the gnoll but do no damage.
The gnoll is almost dead.
You block the gnoll's attack.
Casting: Magic Dart
Confirm with . or Enter, or press ? or * to list all spells.
Aiming: Magic Dart
Press: ? - help, Shift-Dir - straight line, f/p - gnoll
Aim: a gnoll (almost dead)
The magic dart hits the gnoll.
You kill the gnoll!
You hit the gnoll.
The gnoll is moderately wounded.
The gnoll hits you.
You die...

####### #..g..# #.###.#
#.g@#.#############
#####.............##
#g..............
#########(............##
.###.#.......#.............##
>.)..'.......'...............
#.###.#.......################
#.# #.#.......######## # #.#
#.#..............# #


You could see a gnoll.

Vanquished Creatures
  3 gnolls (D:2)
  2 adders
  An ooze (D:2)
  2 dart slugs (D:1)
  3 leopard geckos
  An orc (D:2)
  3 giant cockroaches
  5 hobgoblins
  2 jackals (D:2)
  A ball python (D:2)
  7 bats
  A frilled lizard (D:1)
  A goblin (D:2)
  8 kobolds
  2 rats
42 creatures vanquished.

Notes
Turn   | Place    | Note
-------+----------+-------------------------------------------
     0 | D:1      | wazuzu the Draconian Conjurer began the quest for the Orb.
     0 | D:1      | Reached XP level 1. HP: 14/14 MP: 3/3
   270 | D:1      | Reached XP level 2. HP: 13/20 MP: 0/5
  1024 | D:1      | Reached XP level 3. HP: 13/26 MP: 0/7
  1591 | D:2      | Found an iron altar of Okawaru.
  2187 | D:2      | Reached XP level 4. HP: 33/33 MP: 7/9
  2719 | D:2      | Slain by a gnoll

Vault maps used:
D:1:      lemuel_arrival_rhombus
D:2:      okawaru_altar_gauntlet_db

Skill      XL: |  1  2  3 |
---------------+----------+-----
Spellcasting   | 3 |  3.6
Dodging        | |  1.7
Stealth        | |  1.7
Conjurations   | |  4.8

Action                   |  1- 3 |  4- 6 || total
-------------------------+-------+-------++-------
Melee: Dagger            |    28 |       ||    28
       Tailslap          |     3 |       ||     3
       Unarmed           |    19 |    21 ||    40
 Cast: Magic Dart        |    73 |    44 ||   117
  Use: Scroll            |     9 |     2 ||    11
  Eat: Bread ration      |     1 |       ||     1
       Chunk             |     1 |       ||     1
Armor: Skin              |    10 |    12 ||    22
Dodge: Dodged            |    44 |    31 ||    75
Block: Other             |     8 |     5 ||    13
       Reflection        |     3 |       ||     3
